 Dungeon Crawl Stone Soup version 0.20-a0-1043-gbd57889 (webtiles) character file.

72 Gorglomux the Chopper (level 4, -4/39 HPs)
             Began as a Hill Orc Berserker on Apr 24, 2017.
             Was a Follower of Trog.
             Killed from afar by Sigmund (8 damage)
             ... with a puff of flame
             ... on level 2 of the Dungeon.
             The game lasted 00:01:20 (1022 turns).

Gorglomux the Chopper (Hill Orc Berserker)          Turns: 1022, Time: 00:01:21

Health: -4/39      AC:  5    Str: 19    XL:     4   Next: 26%
Magic:  4/4        EV: 11    Int:  7    God:    Trog [*.....]
Gold:   51         SH:  0    Dex: 11    Spells: 3/3 levels left

rFire    . . .     SeeInvis .   a - +0 hand axe
rCold    . . .     Gourm    .   (no shield)
rNeg     . . .     Faith    .   l - +0 ring mail
rPois    .         Spirit   .   (no helmet)
rElec    .         Reflect  .   (no cloak)
rCorr    .         Harm     .   (no gloves)
MR       .....                  (no boots)
Stlth    +.........             (no amulet)
Regen    0.2/turn               (no ring)
MPRegen  0.1/turn               (no ring)

@: exhausted, slowed, very slow
A: no striking features
a: Berserk, Burn Spellbooks, Renounce Religion


You were on level 2 of the Dungeon.
You worshipped Trog.
Trog was aware of your devotion.
You were very hungry.

You visited 1 branch of the dungeon, and saw 2 of its levels.

You collected 51 gold pieces.

Inventory:

Hand Weapons
 a - a +0 hand axe (weapon)
Armour
 b - a +0 animal skin
 l - a +0 ring mail (worn)
   (You found it on level 2 of the Dungeon)
Scrolls
 e - 2 scrolls of fog {unknown}
 i - a scroll of remove curse {unknown}
 j - a scroll of identify {unknown}
 k - a scroll of magic mapping {unknown}
Potions
 d - 2 potions of curing
Comestibles
 c - a bread ration {@e1@e1}
 f - a meat ration {@e2@e2}
 h - 4 fruits


   Skills:
 - Level 3.6 Fighting
 + Level 6.6 Axes
 - Level 2.1 Armour
 - Level 1.5 Dodging


You had 3 spell levels left.
You didn't know any spells.

Dungeon Overview and Level Annotations

Branches:
Dungeon (2/15)

Altars:

Annotations:
D:2 Sigmund


Message History

You feel yourself speed up.
The bat hits you but does no damage. x2; The bat barely misses you.
Natasha casts a spell.
A red film seems to cover your vision as you go berserk!
You feel yourself moving faster!
You feel mighty!
You are feeling hungry.
The bat hits you but does no damage. The bat barely misses you.
Natasha mewls in sadness.
You now have 40/46 hp.
You barely miss the bat. The bat barely misses you. x2
You miss the bat. The bat hits you but does no damage.
The crimson imp blinks!
You closely miss the bat.
The white imp disappears in a puff of smoke!
The bat hits you but does no damage.
You miss the bat. The bat misses you.
You barely miss the bat. The bat hits you but does no damage.
The crimson imp blinks!
The bat hits you.
You take 1 damage, and have 40/46 hp.
You barely miss the bat. The bat barely misses you.
Natasha mumbles some strange words.
You slash the bat!
You kill the bat!
Trog accepts your kill. Natasha barely misses you.
The crimson imp blinks!
You see here a bat corpse.
You slash Natasha! Something hits you.
Natasha stares at you and mumbles some strange words.
The magic dart hits you!
You take 9 damage, and have 31/46 hp.
You hit Natasha.
You kill Natasha!
Trog accepts your kill.
Trog appreciates your killing of a magic user.
Natasha yowls pathetically as she dies!
The shadow imp disappears in a puff of smoke!
The crimson imp disappears in a puff of smoke!
You have reached level 4!
You regained 9 hp, and now have 40/58 hp.
MP restored: 4 You hear some strange, mumbled words.
A magic dart appears from out of thin air!
The magic dart hits you!
You take 3 damage, and have 37/58 hp.
You miss something. You miss something.
You are feeling very hungry.
Something hits you but does no damage.
You slash something! You hit something but do no damage.
You hear some strange, mumbled words.
A puff of flame appears from out of thin air!
The puff of flame hits you!
You take 5 damage, and have 32/58 hp.
You slash something! Something hits you but does no damage.
Your ring mail prevents you from hitting something.
You are no longer berserk.
You are exhausted.
You feel yourself slow down.
You now have 22/39 hp.
You hit something but do no damage. Something hits you.
You take 2 damage, and have 20/39 hp.
Unknown command.
You aren't carrying any items that you can evoke.
Unknown command.
It was a potion of curing.
You feel better. Something hits you!
You hit something.
You hear some strange, mumbled words.
A magic dart appears from out of thin air!
The magic dart hits you!
You take 4 damage, and have 17/39 hp.
You miss something. Something hits you but does no damage.
You barely miss something.
You hear some strange, mumbled words.
A magic dart appears from out of thin air!
The magic dart hits you!
You hear some strange, mumbled words.
A puff of flame appears from out of thin air!
The puff of flame misses you.
You take 2 damage, and have 15/39 hp.
You miss something. Something hits you.
You take 2 damage, and have 13/39 hp.
You barely miss something. Something hits you.
* * * LOW HITPOINT WARNING * * *
You take 3 damage, and have 10/39 hp.
You closely miss something. Something barely misses you.
You miss something.
You hear some strange, mumbled words.
A puff of flame appears from out of thin air!
The puff of flame hits you!
* * * LOW HITPOINT WARNING * * *
You take 3 damage, and have 7/39 hp.
You miss something.
Sigmund appears from thin air!
Reactivating autopickup.
Sigmund hits you with a scythe of protection.
* * * LOW HITPOINT WARNING * * *
You take 3 damage, and have 4/39 hp.
You hit Sigmund but do no damage. Sigmund gestures at you while chanting.
The puff of flame hits you!
You die...

#............#
#....######..#
#............# #
#.....####...#
#.#...†..(.....#
#.#.#....##....######
#...........[........
#.......####$........
#.....(...†@@...$....
#.#....######........
#.#..................
# #%.[########.!.....
#.....?... .......
#.######## .....). #.
....... #. ....... #.


You could see Sigmund.

Vanquished Creatures
  Natasha (D:2)
  2 adders (D:2)
  2 leopard geckos
  4 bats
  A giant cockroach (D:2)
  4 hobgoblins
  6 kobolds
  A frilled lizard (D:1)
  6 goblins
  2 rats
29 creatures vanquished.

Notes
Turn   | Place    | Note
-------+----------+-------------------------------------------
     0 | D:1      | Gorglomux the Hill Orc Berserker began the quest for the Orb.
     0 | D:1      | Reached XP level 1. HP: 19/19 MP: 1/1
   244 | D:1      | Reached XP level 2. HP: 24/26 MP: 2/2
   415 | D:1      | Reached skill level 5 in Axes
   587 | D:2      | Found a faded altar of an unknown god.
   687 | D:2      | Reached XP level 3. HP: 31/31 MP: 3/3
   942 | D:2      | Reached skill level 6 in Axes
   978 | D:2      | Noticed Natasha
   979 | D:2      | Noticed Sigmund
  1004 | D:2      | Killed Natasha
  1004 | D:2      | Reached XP level 4. HP: 39/39 MP: 4/4
  1020 | D:2      | HP: 7/39 [something/puff of flame (3)]
  1022 | D:2      | Killed from afar by Sigmund

Vault maps used:
D:1:      dpeg_arrival_three_bigger_balls
D:2:      lemuel_upstairs_altar, first_bread, chequers_ecumenical_altar_simple,
          minmay_misc_feat_more_columns, st_stairs_6, uniq_sigmund, uniq_natasha

Skill      XL: |  1  2  3 |
---------------+----------+-----
Axes           | 5 6 |  6.6
Fighting       | |  3.6
Armour         | |  2.1
Dodging        | |  1.5

Action                   |  1- 3 |  4- 6 || total
-------------------------+-------+-------++-------
Melee: Hand axe          |    84 |    16 ||   100
Invok: Berserk           |     4 |       ||     4
  Use: Potion            |       |     1 ||     1
  Eat: Chunk             |     3 |       ||     3
Armor: Animal skin       |    23 |       ||    23
       Ring mail         |    16 |     3 ||    19
Dodge: Dodged            |    80 |     2 ||    82

Vault maps used:
D:1:      dpeg_arrival_three_bigger_balls
D:2:      lemuel_upstairs_altar, first_bread, chequers_ecumenical_altar_simple,
          minmay_misc_feat_more_columns, st_stairs_6, uniq_sigmund, uniq_natasha

Table legend:
 A = Turns spent in this place as a percentage of turns spent in the entire game.
 B = Non-inter-level travel turns spent in this place as a percentage of non-inter-level travel turns spent in the entire game.
 C = Inter-level travel turns spent in this place as a percentage of turns spent in this place.
 D = Turns resting spent in this place as a percentage of non-inter-level travel turns spent in this place.
 E = Turns spent auto-exploring this place as a percentage of non-inter-level travel turns spent in this place.
 F = Non-inter-level travel turns spent in this place divided by the number of levels of this place that you've seen.
                   A       B       C       D       E      F
               +-------+-------+-------+-------+-------+----------------------
         Total | 100.0 | 100.0 |   0.2 |   3.0 |   8.5 | 236.5
       Dungeon | 100.0 | 100.0 |   0.2 |   3.0 |   8.5 | 236.5
               +-------+-------+-------+-------+-------+----------------------

Table legend:
 A = Kills in this place as a percentage of kills in entire the game.
 B = Kills by you in this place as a percentage of kills by you in the entire game.
 C = Kills by friends in this place as a percentage of kills by friends in the entire game.
 D = Other kills in this place as a percentage of other kills in the entire game.
 E = Experience gained in this place as a percentage of experience gained in the entire game.
 F = Experience gained in this place divided by the number of levels of this place that you have seen.
                   A       B       C       D       E      F
               +-------+-------+-------+-------+-------+----------------------
         Total | 100.0 | 100.0 |  -nan |  -nan | 100.0 |  52.0
       Dungeon | 100.0 | 100.0 |  -nan |  -nan | 100.0 |  52.0
               +-------+-------+-------+-------+-------+----------------------
